 Dungeon Crawl Stone Soup version 0.28.0-43-g3370ac3207 (webtiles) character file.

Game seed: 8872086583235728830

7 shankboi the Skirmisher (level 2, -1/32 HPs)
             Began as an Ogre Berserker on Mar 14, 2022.
             Was a Follower of Trog.
             Slain by a hobgoblin (3 damage)
             ... on level 1 of the Dungeon.
             The game lasted 00:04:32 (262 turns).

shankboi the Skirmisher (Ogre Berserker)             Turns: 262, Time: 00:04:33

Health: -1/32      AC:  3    Str: 20    XL:     2   Next: 0%
Magic:  2/2        EV: 10    Int:  8    God:    Trog [*.....]
Gold:   0          SH:  0    Dex:  8    Spells: 1/1 levels left

rFire   . . .      SeeInvis .   a - +0 spear
rCold   . . .      Faith    .   (no shield)
rNeg    . . .      Spirit   .   b - +0 animal skin
rPois   .          Reflect  .   (helmet restricted)
rElec   .          Harm     .   (no cloak)
rCorr   .          Rampage  .   (gloves unavailable)
Will    .....                   (boots unavailable)
Stlth   +.........              (no amulet)
HPRegen 0.10/turn               c - ring of flight
MPRegen 0.08/turn               (no ring)

@: flying
A: large, unfitting armour, tough skin 1
a: Renounce Religion, Berserk


You were on level 1 of the Dungeon.
You worshipped Trog.
Trog was aware of your devotion.
You visited 1 branch of the dungeon, and saw 1 of its levels.

Inventory:

Hand Weapons
 a - a +0 spear (weapon)
Armour
 b - a +0 animal skin (worn)
Jewellery
 c - a ring of flight (left hand)


   Skills:
 + Level 4.2 Fighting
 + Level 3.1 Polearms
 + Level 2.8 Dodging


You had one spell level left.
You didn't know any spells.
Your spell library was empty.

Dungeon Overview and Level Annotations

Branches:
Dungeon (1/15)

Altars:


Innate Abilities, Weirdness & Mutations

You are too large for most types of armour.
You have tough skin. (AC +1)


Message History

You see here a giant cockroach corpse.
You see here a ball python corpse.
Items here: ( ) ††.
Found 12 gold pieces.
A quokka comes into view.
Found a scroll labelled DUECLI OFITIO.
A frilled lizard comes into view.
Found a scroll labelled PACOATH EMYXKUF.
The frilled lizard hisses angrily.
You see here a +0 scale mail.
A hobgoblin comes into view.
You see here a +0 scale mail.
The hobgoblin shouts!
You hit the quokka but do no damage.
The quokka bites you but does no damage.
You barely miss the quokka. The quokka closely misses you.
You hit the quokka.
The quokka is moderately wounded.
The quokka closely misses you.
You hit the quokka.
The quokka is almost dead.
The quokka bites you.
* * * LOW HITPOINT WARNING * * *
The frilled lizard bites you but does no damage.
The quokka bites you.
* * * LOW HITPOINT WARNING * * *
You hit the frilled lizard.
You kill the frilled lizard!
Trog accepts your kill. The quokka barely misses you.
You have reached level 2!
You closely miss the quokka.
The quokka is almost dead.
The quokka bites you but does no damage.
You closely miss the quokka.
The quokka is almost dead.
The quokka bites you.
* * * LOW HITPOINT WARNING * * *
The hobgoblin hits you.
You die...

....... #.........#
#.......#
#.........##.......#?
##........#..#......#
##...........# .......
#...........###.......
##...........##........
#..............rg......
#.......)......@.......
#......†....###....$...
#...........# #........
###.........# #.?......
#..........# #........
#...=......# #........
#.†........# #........
###..........#
#########
...[.........#


You could see a quokka and a hobgoblin.

Vanquished Creatures
  2 ball pythons (D:1)
  A giant cockroach (D:1)
  A quokka (D:1)
  2 frilled lizards (D:1)
  A kobold (D:1)
7 creatures vanquished.

Vanquished Creatures (others)
  3 plants (D:1)
3 creatures vanquished.

Grand Total: 10 creatures vanquished

Notes
Turn   | Place    | Note
-------+----------+-------------------------------------------
     0 | D:1      | shankboi the Ogre Berserker began the quest for the Orb.
     0 | D:1      | Reached XP level 1. HP: 24/24 MP: 1/1
   211 | D:1      | HP: 1/24 [quokka (2)]
   261 | D:1      | Reached XP level 2. HP: 3/32 MP: 2/2
   262 | D:1      | Slain by a hobgoblin

Illustrated notes

Levels and vault maps discovered:
D:1:      kennysheep_arrival_seaside, layout_rooms,
          shapermc_ecumenical_altar_rom_forum, serial_shops,
          nicolae_diamond_shop

Action                   || total
-------------------------++-------
Melee: Spear             ||    52
       Punch             ||     1
Armor: Animal skin       ||    15
Dodge: Dodged            ||    28
